 Dungeon Crawl Stone Soup version 0.29-a0-1023-g6ae1a4a2c7 (webtiles) character file.

Game seed: 1461564988021872199

2530 spaghetti the Fighter (level 9, -1/96 HPs)
             Began as an Ogre Summoner on Aug 11, 2022.
             Was an Initiate of Gozag.
             Succumbed to a killer bee's poison
             ... on level 7 of the Dungeon.
             The game lasted 00:14:53 (10196 turns).

spaghetti the Fighter (Ogre Summoner)              Turns: 10196, Time: 00:14:53

Health: -1/96      AC:  3    Str: 14    XL:     9   Next: 54%
Magic:  2/19       EV:  9    Int: 26    God:    Gozag
Gold:   240        SH:  0    Dex:  9    Spells: 3/22 levels left

rFire   . . .      SeeInvis +     - Unarmed
rCold   . . .      Faith    .   (no shield)
rNeg    . . .      Spirit   .   a - +0 robe
rPois   .          Reflect  .   (helmet restricted)
rElec   .          Harm     .   (no cloak)
rCorr   .          Rampage  .   (gloves unavailable)
Will    .....                   (boots unavailable)
Stlth   +.........              (no amulet)
HPRegen 0.26/turn               m - +6 ring of intelligence
MPRegen 0.16/turn               (no ring)

@: lethally poisoned (-1 -> -9), gold aura
A: large, unfitting armour, tough skin 1, claws 1, see invisible
a: Renounce Religion, Potion Petition, Call Merchant, Bribe Branch


You were on level 7 of the Dungeon.
You worshipped Gozag.
Gozag was aware of your devotion.
You visited 2 branches of the dungeon, and saw 8 of its levels.

You collected 592 gold pieces.
You paid 352 gold pieces to Gozag.


Innate Abilities, Weirdness & Mutations

You are too large for most types of armour.
You have tough skin. (AC +1)
You have sharp fingernails.
You have supernaturally acute eyesight. (SInv)


   Skills:
 + Level 8.0 Fighting
 - Level 1.7 Dodging
 - Level 1.4 Stealth
 + Level 5.1 Unarmed Combat
 + Level 7.0 Spellcasting
 + Level 6.6 Summonings
 - Level 3.0 Air Magic


You had 3 spell levels left.
You knew the following spells:

 Your Spells              Type           Power      Damage    Failure   Level
a - Summon Small Mammal   Summ           100%       N/A       1%          1
b - Call Imp              Summ           43%        N/A       1%          2
c - Call Canine Familiar  Summ           43%        N/A       1%          3
d - Summon Guardian Gole  Hex/Summ       26%        N/A       4%          3
e - Summon Lightning Spi  Summ/Air       34%        N/A       9%          4
f - Summon Cactus Giant   Summ           21%        N/A       54%         6

Your spell library contained the following spells:

 Spells                   Type           Power      Damage    Failure   Level
 Shock                    Conj/Air       68%        1d7       3%          1
 Poisonous Vapours        Pois/Air       34%        N/A       4%          2
 Swiftness                Air            24%        N/A       5%          3
 Foxfire                  Conj/Fire      36%        2x1d5     6%          1
 Sting                    Tmut/Pois      36%        1d4       6%          1
 Scorch                   Fire           18%        2d5       10%         2
 Conjure Flame            Conj/Fire      9%         6-21      19%         3
 Inner Flame              Hex/Fire       9%         N/A       19%         3
 Airstrike                Air            12%        2d(2-18)  19%         4
 Flame Wave               Conj/Fire      9%         2d6       52%         4
 Olgreb's Toxic Radiance  Pois           9%         N/A       52%         4
 Alistair's Intoxication  Tmut/Pois      6%         N/A       86%         5

Inventory:

Hand Weapons
 h - a +3 dagger of protection {short}
   (You took it off a goblin on level 4 of the Dungeon)
 i - a +1 whip of freezing {mace}
   (You took it off an orc on level 5 of the Dungeon)
 j - a +0 mace {mace}
   (You took it off an orc on level 5 of the Dungeon)
 v - a +0 dagger of protection {short}
   (You took it off a kobold on level 2 of the Dungeon)
 w - a +0 dagger {short}
   (You took it off a kobold on level 3 of the Dungeon)
 z - a +0 short sword {short}
   (You took it off a kobold on level 3 of the Dungeon)
 A - a +0 dagger {short}
   (You took it off a goblin on level 3 of the Dungeon)
 B - a +0 sling
   (You took it off a goblin on level 3 of the Dungeon)
 C - a +0 dagger {short}
   (You took it off a goblin on level 3 of the Dungeon)
 D - a +0 dagger {short}
   (You took it off a goblin on level 3 of the Dungeon)
 E - a +4 dagger of venom {short}
   (You took it off Robin on level 3 of the Dungeon)
 F - a +0 dagger {short}
   (You took it off a goblin on level 3 of the Dungeon)
 G - a +0 sling
   (You took it off a goblin on level 3 of the Dungeon)
 H - a +0 dagger {short}
   (You took it off a goblin on level 3 of the Dungeon)
 I - a +0 dagger {short}
   (You took it off a goblin on level 3 of the Dungeon)
 J - a +0 club {mace}
   (You took it off a goblin on level 3 of the Dungeon)
 L - a +0 club {mace}
   (You took it off a goblin on level 3 of the Dungeon)
 M - a +0 club {mace}
   (You took it off a kobold on level 3 of the Dungeon)
 N - a +0 club {mace}
   (You took it off a goblin on level 3 of the Dungeon)
 O - a +0 flail {mace}
   (You took it off an orc on level 3 of the Dungeon)
 P - a +0 dagger {short}
   (You took it off an orc on level 3 of the Dungeon)
 R - a +0 flail {mace}
   (You took it off an orc on level 3 of the Dungeon)
 U - a +0 club {mace}
   (You found it on level 4 of the Dungeon)
 V - a +0 short sword {short}
   (You took it off a kobold on level 4 of the Dungeon)
 X - a +0 club {mace}
   (You found it on level 4 of the Dungeon)
 Y - a +0 dagger {short}
   (You took it off a goblin on level 4 of the Dungeon)
Missiles
 f - 33 stones {throwing}
 Q - a silver boomerang {throwing}
 S - 6 large rocks {=fthrowing}
Armour
 a - a +0 robe (worn)
Jewellery
 m - a +6 ring of intelligence (left claw)
   (You found it on level 6 of the Dungeon)
 Z - a ring of flight
   (You found it on level 4 of the Dungeon)
Wands
 e - a wand of polymorph (9)
   (You found it on level 4 of the Dungeon)
 y - a wand of roots (14)
   (You found it on level 3 of the Dungeon)
Scrolls
 c - a scroll of magic mapping {unknown}
 d - 3 scrolls of noise {!r}
 g - 3 scrolls of teleportation {@r4}
 l - a scroll of vulnerability {unknown}
 q - 2 scrolls of fog
 r - a scroll of enchant weapon
 t - a scroll of fear
 K - a scroll of amnesia
Potions
 b - 2 potions of magic
 n - a potion of flight

Dungeon Overview and Level Annotations

Branches:
Dungeon (7/15) Zot: 26801  Temple (1/1) D:6 Zot: 5552

Altars:
Ashenzari
Cheibriados
Dithmenos
Fedhas
Gozag
Hepliaklqana
Kikubaaqudgha
Makhleb
Nemelex Xobeh
Okawaru
Sif Muna
Trog
Uskayaw
Vehumet
Wu Jian
Yredelemnul
Zin
The Shining One

.....#......'....###..#
..#'#.....###...)###..#
..#.#.....# #.........#
..#.+.....# #####.##.##
..###.....# ###..#.#
..# ###'### #....#.#
######### #....#.#
#⌠#.#⌠## #......#
#.#.#._# #.@.#..###.#
.......# #85.#......#
......8# #..$#..#####
#.#.#..# #...##.#
#_#⌠#.## #...##$######
####### #....☼y.....#
#..$.#h.###.#
#....$....$..y
$...$....##..#..##


You could see a friendly lightning spire (summoned) and a friendly crimson imp
(summoned).


Message History

Something stings your lightning spire.
Something stings your lightning spire but does no damage.
Something stings your lightning spire but does no damage. x2
Something stings your lightning spire but does no damage. x2
Something stings your lightning spire but does no damage. x2
Something stings your lightning spire but does no damage.
Something stings your lightning spire.
Your lightning spire disappears in a puff of smoke!
Your crimson imp completely misses the killer bee.
Your rat misses the killer bee.
A killer bee is nearby! 😨 HP[+2] MP[+1]
You regained 2 hp, and now have 25/96 hp.
A killer bee is nearby!
A killer bee is nearby!
A killer bee is nearby!
A killer bee is nearby!
Casting: Summon Lightning Spire (dangerous; 9% risk of failure)
Confirm with . or Enter, or press ? or * to list all spells.
An electric hum fills the air.
The killer bee stings your rat!
Your rat dies!
Your rat's corpse disappears in a puff of smoke!
Your crimson imp closely misses the killer bee. 😨 MP[-4]
You lost 4 mp, and now have 1/19 mp.
The killer bee barely misses you.
Your crimson imp hits the killer bee.
Your hound bites the killer bee.
You miss the killer bee. The killer bee stings you!
* * * LOW HITPOINT WARNING * * *
The killer bee closely misses you.
Your crimson imp completely misses the killer bee.
Your hound misses the killer bee. 😱 HP[-8]
You take 8 damage, and now have 17/96 hp.
The killer bee stings you.
* * * LOW HITPOINT WARNING * * *
You are poisoned.
The killer bee poisons you!
Your hound misses the killer bee. 😱 HP[-3]
You take 3 damage, and now have 14/96 hp.
Unknown command.
Unknown command.
You feel better. The killer bee stings you.
* * * LOW HITPOINT WARNING * * *
You are poisoned.
The killer bee poisons you! The killer bee stings you.
* * * LOW HITPOINT WARNING * * *
Your crimson imp barely misses the killer bee.
Your hound completely misses the killer bee. 😱 HP[+1] MP[+1] Unknown command.
Unknown command.
Aiming: Fastroot
Press: ? - help, Shift-Dir - straight line, f - crimson imp
Aim: a crimson imp (summoned, friendly)
The roots erupt in riotous growth!
Your crimson imp is unaffected.
Your hound is unaffected.
Roots grab the killer bee.
The grasping roots constrict the killer bee.
You feel sick. The killer bee stings you.
* * * LOW HITPOINT WARNING * * *
Your hound barely misses the killer bee.
The killer bee stings you.
* * * LOW HITPOINT WARNING * * *
You are more poisoned.
The killer bee poisons you!
Your crimson imp closely misses the killer bee.
Your hound bites the killer bee. 😱 HP[-9]
You take 9 damage, and now have 6/96 hp.
Unknown command.
Unknown command.
Unknown command.
The grasping roots constrict the killer bee.
You kill the killer bee!
* * * LOW HITPOINT WARNING * * *
You feel very sick.
Your hound disappears in a puff of smoke! 😱 HP[-4]
You take 4 damage, and now have 2/96 hp.
Unknown command.
Unknown command.
You are lethally poisoned (2 -> -8).
Your movement speed is average.
Your attack delay is about 0.9.
Your base attributes are Str 14, Int 20, Dex 9.
Okay, then.
You need at least 400 gold to purchase potions right now!
Okay, then.
Really quaff
T - a potion of mutation {!q}?
Really quaff the potion of mutation?
You feel extremely strange.
You feel your surroundings grow louder.
You feel stronger.
Your vision sharpens.
* * * LOW HITPOINT WARNING * * *
You feel sick. 😱 HP[-1]
You take 1 damage, and now have 1/96 hp.
There is a lethal amount of poison in your body!
You die...
Your body crumbles into a pile of gold.

Skill      XL: |  1  2  3  4  5  6  7  8  9 |
---------------+----------------------------+-----
Fighting       | 1 2 3 4 5 7 8 |  8.0
Spellcasting   | 3 4 5 6 7 |  7.0
Summonings     | 4 5 6 |  6.6
Unarmed Combat | 2 3 4 5 |  5.1
Air Magic      | 1 3 |  3.0
Dodging        | |  1.7
Stealth        | |  1.4

Action                   |  1- 3 |  4- 6 |  7- 9 || total
-------------------------+-------+-------+-------++-------
Melee: Unarmed           |   136 |   129 |   177 ||   442
       Rapier            |     9 |       |       ||     9
       Punch             |     2 |     1 |     6 ||     9
Throw: Large rock        |       |       |     1 ||     1
 Cast: Summon Small Mamm |    21 |     7 |    24 ||    52
       Call Canine Famil |     3 |     7 |    25 ||    35
       Call Imp          |     3 |     5 |    13 ||    21
       Summon Lightning  |       |     1 |     9 ||    10
       Summon Guardian G |       |       |     2 ||     2
Invok: Potion Petition   |       |       |     1 ||     1
Evoke: Wand              |       |       |     2 ||     2
  Use: Potion            |     4 |     5 |     7 ||    16
       Scroll            |       |     5 |     2 ||     7
 Stab: Sleeping          |     3 |     1 |     2 ||     6
       Distracted        |       |       |     1 ||     1
Armor: Robe              |    71 |    29 |    59 ||   159
Dodge: Dodged            |    88 |    65 |   104 ||   257

Levels and vault maps discovered:
D:1:      dpeg_arrival_fog, layout_loops_ring
D:2:      layout_loops_ring, basic_altar, chequers_ecumenical_altar_simple,
          hangedman_decor_opposing, nicolae_titane
D:3:      layout_basic, serial_curves, eino_curves_04, eino_curves_02,
          uniq_grinder, uniq_robin
D:4:      layout_gridville, serial_glass, glass_columns_a, glass_columns_c,
          glass_columns_a, glass_columns_b, glass_columns_a, glass_columns_b,
          glass_columns_b, glass_columns_c
D:5:      layout_basic, grunt_temple_overflow_growth_and_decay,
          lightli_ossuary_entry_decrepit_ruins, grunt_ministairs_14,
          lemuel_flamethrower_1
D:6:      layout_basic, minmay_temple_entry_slanted
D:7:      layout_basic, nicolae_overflow_crystal_walls, minitemple
Temple:   oiseaux_autumnal_temple

Notes
Turn   | Place    | Note
-------+----------+-------------------------------------------
     0 | D:1      | spaghetti the Ogre Summoner began the quest for the Orb.
     0 | D:1      | Reached XP level 1. HP: 16/16 MP: 3/3
     0 | D:1      | magus.rc [v1.9.6]
   516 | D:1      | Reached skill level 1 in Fighting
   516 | D:1      | Reached XP level 2. HP: 25/27 MP: 2/5
  1064 | D:2      | Found a faded altar of an unknown god.
  1103 | D:2      | Gained mutation: You are weak. (Str -2) [potion of
                  | mutation]
  1103 | D:2      | Gained mutation: You passively dampen the noise of your
                  | surroundings. [potion of mutation]
  1103 | D:2      | Gained mutation: You have sharp fingernails. [potion of
                  | mutation]
  1127 | D:2      | HP: 6/27 [hobgoblin (3)]
  1467 | D:2      | Reached XP level 3. HP: 33/33 MP: 7/7
  1470 | D:2      | Learned a level 2 spell: Call Imp
  1474 | D:2      | Learned a level 3 spell: Call Canine Familiar
  1524 | D:2      | Reached skill level 3 in Spellcasting
  1573 | D:2      | Found a burning altar of Makhleb.
  1580 | D:2      | You add the spells Scorch, Poisonous Vapours and Alistair's
                  | Intoxication to your library.
  1580 | D:2      | Got the Almanac of Fiery Poisoning
  1801 | D:2      | Reached skill level 2 in Fighting
  2083 | D:2      | Reached skill level 4 in Summonings
  2932 | D:3      | Noticed Robin
  2938 | D:3      | Reached XP level 4. HP: 41/42 MP: 1/8
  2959 | D:3      | Reached skill level 1 in Unarmed Combat
  2971 | D:3      | Killed Robin
  2980 | D:3      | HP: 11/44 [poisoned by Robin]
  2985 | D:3      | HP: 4/44 [goblin/sling bullet[Robin] (6)]
  3325 | D:3      | You pick up a book of Flames and begin reading...
  3325 | D:3      | You add the spells Foxfire, Conjure Flame, Inner Flame and
                  | Flame Wave to your library.
  3623 | D:3      | You pick up a book of Air and begin reading...
  3623 | D:3      | You add the spells Shock, Swiftness and Airstrike to your
                  | library.
  4071 | D:3      | Noticed Grinder
  4083 | D:3      | Paralysed by Grinder for 4 turns
  4101 | D:3      | Killed Grinder
  4102 | D:3      | Reached skill level 3 in Fighting
  4102 | D:3      | Reached skill level 2 in Unarmed Combat
  4102 | D:3      | Reached skill level 4 in Spellcasting
  4102 | D:3      | Reached XP level 5. HP: 33/54 MP: 6/11
  4102 | D:3      | Reached XP level 6. HP: 38/62 MP: 6/12
  4390 | D:4      | Reached skill level 4 in Fighting
  4542 | D:4      | Learned a level 3 spell: Summon Guardian Golem
  4547 | D:4      | Learned a level 4 spell: Summon Lightning Spire
  5069 | D:4      | Reached XP level 7. HP: 54/71 MP: 6/13
  5488 | D:5      | Entered Level 5 of the Dungeon
  5652 | D:5      | Found a blossoming altar of Fedhas.
  5707 | D:5      | Reached skill level 5 in Fighting
  5707 | D:5      | Reached skill level 3 in Unarmed Combat
  5707 | D:5      | Reached skill level 5 in Summonings
  5707 | D:5      | Reached skill level 1 in Air Magic
  5824 | D:5      | Found an ancient bone altar of Kikubaaqudgha.
  5872 | D:5      | Reached skill level 5 in Spellcasting
  6420 | D:5      | HP: 13/72 [ice beast (7)]
  6429 | D:5      | Reached XP level 8. HP: 17/81 MP: 5/15
  6953 | D:5      | Reached skill level 2 in Air Magic
  7771 | D:6      | You add the spells Sting and Olgreb's Toxic Radiance to
                  | your library.
  7874 | D:6      | Noticed a yak
  7874 | D:6      | Noticed a yak
  7875 | D:6      | Noticed a yak
  7875 | D:6      | Noticed a yak
  7885 | D:6      | Killed a yak
  7886 | D:6      | Reached skill level 6 in Fighting
  7889 | D:6      | Killed a yak
  7890 | D:6      | Reached skill level 4 in Unarmed Combat
  7890 | D:6      | Reached skill level 6 in Spellcasting
  7891 | D:6      | Killed a yak
  7892 | D:6      | Reached skill level 3 in Air Magic
  7892 | D:6      | Killed a yak
  7893 | D:6      | Reached skill level 7 in Fighting
  7893 | D:6      | Reached skill level 6 in Summonings
  7893 | D:6      | Reached XP level 9. HP: 59/93 MP: 0/18
  8073 | D:6      | HP: 22/93 [centaur (3)]
  9198 | D:6      | Found a staircase to the Ecumenical Temple.
  9221 | Temple   | Entered the Ecumenical Temple
  9635 | Temple   | Became a worshipper of Gozag Ym Sagoz the Greedy
 10001 | D:7      | You pick up a book of Scorching and begin reading...
 10050 | D:7      | Found a shadowy altar of Dithmenos.
 10058 | D:7      | Learned a level 6 spell: Summon Cactus Giant
 10059 | D:7      | Found a radiant altar of Vehumet.
 10060 | D:7      | Found an ornate altar of the Wu Jian Council.
 10155 | D:7      | Reached skill level 5 in Unarmed Combat
 10166 | D:7      | HP: 23/96 [killer bee (3)]
 10167 | D:7      | Reached skill level 7 in Spellcasting
 10175 | D:7      | Reached skill level 8 in Fighting
 10190 | D:7      | HP: 17/96 [killer bee (8)]
 10193 | D:7      | HP: 6/96 [killer bee (6)]
 10194 | D:7      | HP: 2/96 [poisoned by a killer bee]
 10195 | D:7      | Lost mutation: You passively dampen the noise of your
                  | surroundings. [potion of mutation]
 10195 | D:7      | Lost mutation: You are weak. (Str -2) [potion of mutation]
 10195 | D:7      | Gained mutation: You have supernaturally acute eyesight.
                  | (SInv) [potion of mutation]
 10196 | D:7      | Succumbed to a killer bee's poison

Vanquished Creatures
  Grinder (D:3)
  A yak (D:6)
  A water moccasin (D:5)
  A centaur (D:6)
  2 phantoms (D:6)
  A killer bee (D:7)
  4 hounds
  An iguana (D:6)
  An orc wizard (D:5)
  Robin (D:3)
  4 adders
  2 white imps
  An ufetubus (D:6)
  11 orcs
  2 bats
  4 endoplasms
  3 giant cockroaches
  7 goblins
  5 hobgoblins
  7 kobolds
  5 quokkas
  4 ball pythons
  A frilled lizard (D:3)
  5 rats
75 creatures vanquished.

Vanquished Creatures (collateral kills)
  2 yaks (D:6)
  An ice beast (D:5)
  A sky beast (D:6)
  A centaur (D:6)
  An ogre (D:4)
  A phantom (D:4)
  2 scorpions
  3 killer bees (D:7)
  A hound (D:5)
  An orc priest (D:6)
  A jelly (D:5)
  An iguana (D:7)
  2 orc wizards (D:5)
  2 adders
  An ufetubus (D:7)
  A dart slug (D:1)
  11 orcs
  A bat (D:3)
  An endoplasm (D:2)
  5 hobgoblins
  4 jackals (D:2)
  2 frilled lizards (D:3)
  8 goblins (D:3)
54 creatures vanquished.

Vanquished Creatures (others)
  A yak (D:6)
  A centaur (D:6)
  2 killer bees (D:7)
4 creatures vanquished.

Grand Total: 133 creatures vanquished

Table legend:
 A = Non-vault XP
 B = Vault XP
 C = Vault XP percentage of total XP
 D = Non-vault monster count
 E = Vault monster count
 F = Vault count percentage of total count
                 A         B        C        D         E       F
            +---------+---------+-------+---------+---------+-------
      Total |    3291 |     324 |   9.0 |     118 |      15 |  11.3
            +---------+---------+-------+---------+---------+-------
        D:1 |      15 |       0 |   0.0 |       7 |       0 |   0.0
        D:2 |      46 |       0 |   0.0 |      19 |       0 |   0.0
        D:3 |      44 |     318 |  87.8 |      24 |      13 |  35.1
        D:4 |     284 |       0 |   0.0 |      12 |       0 |   0.0
        D:5 |     660 |       6 |   0.9 |      19 |       2 |   9.5
        D:6 |    1819 |       0 |   0.0 |      29 |       0 |   0.0
        D:7 |     423 |       0 |   0.0 |       8 |       0 |   0.0
            +---------+---------+-------+---------+---------+-------

Illustrated notes

Table legend:
 A = Kills in this place as a percentage of kills in entire the game.
 B = Kills by you in this place as a percentage of kills by you in the entire game.
 C = Kills by friends in this place as a percentage of kills by friends in the entire game.
 D = Other kills in this place as a percentage of other kills in the entire game.
 E = Experience gained in this place as a percentage of experience gained in the entire game.
 F = Experience gained in this place divided by the number of levels of this place that you have seen.
                   A       B       C       D       E      F
               +-------+-------+-------+-------+-------+----------------------
         Total | 100.0 | 100.0 | 100.0 | 100.0 | 100.0 | 451.9
       Dungeon | 100.0 | 100.0 | 100.0 | 100.0 | 100.0 | 516.4
               +-------+-------+-------+-------+-------+----------------------

Table legend: (Time is in decaauts)
 A = Elapsed time spent in this place.
 B = Non-inter-level travel time spent in this place.
 C = Inter-level travel time spent in this place.
 D = Time resting spent in this place.
 E = Time spent auto-exploring this place.
 F = Levels seen in this place.
 G = Mean time per level.
                   A        B        C        D        E       F      G
               +--------+--------+--------+--------+--------+-----+--------+
         Total |  10203 |   9985 |    218 |     71 |   8691 |   8 | 1275.4 |
       Dungeon |   9755 |   9594 |    161 |     71 |   8314 |   7 | 1393.6 |
        Temple |    448 |    391 |     57 |      0 |    377 |   1 |  448.0 |
               +--------+--------+--------+--------+--------+-----+--------+

Top non-repeatable levels by time:
     D:6: 2116 daAuts
     D:5: 1942 daAuts
     D:3: 1879 daAuts
     D:2: 1416 daAuts
     D:4: 1137 daAuts
     D:1: 1062 daAuts
  Temple: 448 daAuts
     D:7: 199 daAuts
